 Dungeon Sprint DCSS version 0.27-a0-1200-g94dc6ad4cf (webtiles) character file.

Game seed: 4655696626089039689

941 night the Fighter (level 8, -2/64 HPs)
             Began as a Gargoyle Venom Mage on May 29, 2021.
             Was an Initiate of Dithmenos.
             Slain by a shadow (5 damage)
             ... in the Dungeon (Sprint III: "The Ten Rune Challenge") on May 30, 2021.
             The game lasted 00:07:12 (1555 turns).

night the Fighter (Gargoyle Venom Mage)             Turns: 1555, Time: 00:07:13

Health: -2/64      AC:  7    Str: 11    XL:     8   Next: 12%
Magic:  21/21      EV: 11    Int: 19    God:    Dithmenos [......]
Gold:   67         SH:  0    Dex: 10    Spells: 12/25 levels left

rFire    . . .     SeeInvis .   h - +0 long sword (holy)
rCold    . . .     Faith    .   (no shield)
rNeg     + . .     Spirit   .   a - +0 robe
rPois    ∞         Reflect  .   (no helmet)
rElec    +         Harm     .   (no cloak)
rCorr    .         Rampage  .   (no gloves)
Will     .....     NoTele   +   (no boots)
Stlth    ++........             (no amulet)
HPRegen  0.20/turn              (no ring)
MPRegen  0.17/turn              (no ring)

@: no status effects
A: sickness immunity, AC +5, negative energy resistance 1, electricity
resistance, torment resistance 1, petrification resistance, robust 1
a: Renounce Religion


You were in the Dungeon.
You worshipped Dithmenos.
Dithmenos was noncommittal.
You visited 1 branch You collected 67 gold pieces.

Inventory:

Hand Weapons
 h - a +0 long sword of holy wrath (weapon)
 i - a +0 club
Missiles
 b - 29 stones (quivered)
Armour
 a - a +0 robe (worn)
Scrolls
 g - a scroll of torment {unknown}
 j - 2 scrolls of identify {unknown}
 l - 3 scrolls of immolation {unknown}
Potions
 c - a potion of curing
 d - a potion of heal wounds
 e - a potion of haste
 f - 2 potions of magic
 k - 3 potions of flight


   Skills:
 + Level 10.7 Fighting
 + Level 1.2 Long Blades
 - Level 1.5 Dodging
 - Level 2.1 Stealth
 + Level 9.4 Spellcasting
 - Level 0.7 Transmutations
 + Level 10.4 Poison Magic


You had 12 spell levels left.
You knew the following spells:

 Your Spells              Type           Power      Damage    Failure   Level
a - Sting                 Tmut/Pois      100%       1d8       1%          1
b - Poisonous Vapours     Pois/Air       56%        N/A       1%          2
c - Ignite Poison         Fire/Tmut/Pois 23%        N/A       5%          3
d - Olgreb's Toxic Radia  Pois           48%        N/A       1%          4
e - Mephitic Cloud        Conj/Pois/Air  22%        N/A       6%          3

Your spell library contained the following spells:

 Spells                   Type           Power      Damage    Failure   Level
 Spider Form              Tmut/Pois      15%        N/A       2%          3
 Beastly Appendage        Tmut           22%        N/A       6%          1
 Wereblood                Tmut           11%        N/A       9%          2
 Ice Form                 Ice/Tmut       10%        N/A       56%         4
 Hydra Form               Tmut           5%         N/A       86%         5


Dungeon Overview and Level Annotations

Branches:
Dungeon (1/1)

Altars:
Dithmenos
Elyvilon
Kikubaaqudgha
Okawaru
Ru
Sif Muna
Trog
Uskayaw
Vehumet
Wu Jian
Yredelemnul
Zin
The Shining One
Beogh


Innate Abilities, Weirdness & Mutations

You are immune to sickness and miasma.
Your stone body is resilient. (AC +5)
You are immune to poison.
You resist negative energy. (rN+)
You are resistant to electric shocks. (rElec)
You are resistant to unholy torment.
You are immune to petrification.
You are robust. (+10% HP)


Message History

There is a fountain of clear blue water here.
There is an open door to the Ecumenical Temple here.
You hit the shadow.
The shadow convulses.
The shadow is moderately damaged.
The shadow slips into darkness.
The shadow flickers and vanishes!
Deactivating autopickup; reactivate with Ctrl-A.
You closely miss something.
The shadow strikes at you from the darkness!
Reactivating autopickup.
You hit the shadow but do no damage.
The shadow is moderately damaged.
The shadow closely misses you. The shadow hits you!
You hit the shadow but do no damage.
The shadow is moderately damaged.
The shadow hits you.
You hit the shadow.
The shadow convulses.
The shadow is severely damaged.
The shadow slips into darkness.
The shadow flickers and vanishes!
Deactivating autopickup; reactivate with Ctrl-A.
You miss something.
The shadow strikes at you from the darkness!
* * * LOW HITPOINT WARNING * * *
Reactivating autopickup.
The shadow hits you.
* * * LOW HITPOINT WARNING * * *
You closely miss the shadow.
The shadow is severely damaged.
The shadow barely misses you.
You riposte.
You hit the shadow but do no damage.
The shadow is severely damaged.
You closely miss the shadow.
The shadow is severely damaged.
The shadow barely misses you.
You barely miss the shadow.
The shadow is severely damaged.
The shadow hits you.
* * * LOW HITPOINT WARNING * * *
The shadow hits you.
You die...

▓▓▓▓▓▓▓▓▓▓▓ ▓▓▓ <.#!.'....♣♣♣
♣.############ ..#!.#......♣
♣.#___#___#__# #'####....♣♣♣
♣.#...#__.#._#
.....#....≈.♣♣♣♣.###'#'###'##
.....#...≈≈♣♣....#..........#
.....#..≈≈≈≈♣♣..@WJ⌠........#
####'#..≈≈≈≈≈≈.♣.#...######'#
...[.#.≈≈≈≈≈≈....#.⌠.# #...#
.....#.≈≈≈≈≈.....#...# #..J#
.....#.≈≈≈.......#'### #...#
'#####.....÷.....#.).# #...+
.................#___# +...#
▓▓▓▓▓▓▓▓▓▓▓▓▓▓▓▓▓▓▓▓▓▓ ▓▓▓▓▓


You could see a shadow and a jelly.

Vanquished Creatures
  A deep elf pyromancer (D)
  A necrophage (D)
  A water elemental (D)
  Jessica (D)
  A wizard (D)
  A necromancer (D)
  3 humans (D)
  A kobold demonologist (D)
  A phantom (D)
  3 rats (D)
14 creatures vanquished.

Notes
Turn   | Place    | Note
-------+----------+-------------------------------------------
     0 | D        | night the Gargoyle Venom Mage began the quest for the Orb.
     0 | D        | Reached XP level 1. HP: 10/10 MP: 3/3
     7 | D        | Reached skill level 1 in Fighting
    34 | D        | Noticed Jessica
    39 | D        | Killed Jessica
    40 | D        | Reached XP level 2. HP: 19/19 MP: 0/6
    40 | D        | Reached XP level 3. HP: 23/23 MP: 0/8
   123 | D        | Learned a level 3 spell: Mephitic Cloud
   127 | D        | Learned a level 3 spell: Ignite Poison
   215 | D        | Upgraded the game from 0.27-a0-1196-g3e9cee4cb2 to
                  | 0.27-a0-1200-g94dc6ad4cf
   478 | D        | Learned a level 2 spell: Poisonous Vapours
   526 | D        | Reached skill level 5 in Poison Magic
   674 | D        | Gained mutation: You are robust. (+10% HP) [potion of
                  | mutation]
   702 | D        | Noticed a water elemental
   709 | D        | Killed a water elemental
   710 | D        | Reached skill level 5 in Fighting
   710 | D        | Reached skill level 5 in Spellcasting
   710 | D        | Reached XP level 4. HP: 18/34 MP: 2/11
   861 | D        | Found a glowing silver altar of Zin.
   861 | D        | Found a glowing golden altar of the Shining One.
   861 | D        | Found a white marble altar of Elyvilon.
   862 | D        | Noticed a deep elf pyromancer
   870 | D        | Noticed a fire elemental
   870 | D        | Noticed a fire elemental
  1226 | D        | Killed a deep elf pyromancer
  1227 | D        | Reached XP level 5. HP: 32/45 MP: 0/15
  1227 | D        | Reached XP level 6. HP: 36/51 MP: 0/17
  1227 | D        | Reached XP level 7. HP: 39/56 MP: 0/18
  1350 | D        | Found a radiant altar of Vehumet.
  1350 | D        | Found a shimmering blue altar of Sif Muna.
  1350 | D        | Found an ancient bone altar of Kikubaaqudgha.
  1393 | D        | Found a hide-covered altar of Uskayaw.
  1393 | D        | Found an iron altar of Okawaru.
  1393 | D        | Found a bloodstained altar of Trog.
  1393 | D        | Found an ornate altar of the Wu Jian Council.
  1393 | D        | Noticed a human
  1394 | D        | Noticed a human
  1398 | D        | Killed a human
  1399 | D        | Reached skill level 10 in Fighting
  1401 | D        | Killed a human
  1402 | D        | Reached skill level 10 in Poison Magic
  1499 | D        | Learned a level 4 spell: Olgreb's Toxic Radiance
  1505 | D        | Found a basalt altar of Yredelemnul.
  1505 | D        | Found a shadowy altar of Dithmenos.
  1505 | D        | Found a sacrificial altar of Ru.
  1508 | D        | Reached XP level 8. HP: 56/64 MP: 16/21
  1515 | D        | Reached skill level 1 in Long Blades
  1525 | D        | Became a worshipper of Dithmenos the Shadowed
  1532 | D        | Noticed a shadow
  1552 | D        | HP: 9/64 [shadow (6)]
  1555 | D        | HP: 3/64 [shadow (6)]
  1555 | D        | Slain by a shadow

Illustrated notes

Levels and vault maps discovered:
D:        dungeon_sprint_mu [sprint_mu_entry_forest, sprint_mu_temple_rooms,
          sprint_mu_d1_spiders, sprint_mu_d2_genie, sprint_mu_d3_branching,
          sprint_mu_orc_legion, sprint_mu_elf_gauntlet, sprint_mu_hive_nellie,
          sprint_mu_lair_fedhas, sprint_mu_vaults_butterflies,
          sprint_mu_slime_circle, sprint_mu_shoals_kraken,
          sprint_mu_snake_twists, sprint_mu_blade_basic,
          sprint_mu_crypt_fortress, sprint_mu_tomb_spiral,
          sprint_mu_vestibule_basic, sprint_mu_gehenna_hellfire,
          sprint_mu_dis_giant, sprint_mu_tartarus_statrot,
          sprint_mu_cocytus_islands, sprint_mu_zot1]

Skill      XL: |  1  2  3  4  5  6  7  8 |
---------------+-------------------------+-----
Fighting       | 3 5 9 10 | 10.7
Spellcasting   | 3 5 8 9 |  9.4
Poison Magic   | 4 6 9 10 | 10.4
Long Blades    | 1 |  1.2
Dodging        | |  1.5
Stealth        | |  2.1
Transmutations | |  0.7

Action                   |  1- 3 |  4- 6 |  7- 9 || total
-------------------------+-------+-------+-------++-------
Melee: Unarmed           |    11 |       |       ||    11
       Club              |     2 |       |       ||     2
       Long sword        |       |       |    20 ||    20
Throw: Stone             |     1 |       |       ||     1
 Cast: Sting             |    14 |     1 |       ||    15
       Mephitic Cloud    |     3 |     1 |     1 ||     5
       Ignite Poison     |     1 |     1 |     2 ||     4
       Poisonous Vapours |       |     7 |     5 ||    12
  Use: Potion            |     2 |       |       ||     2
       Scroll            |       |     1 |       ||     1
 Stab: Sleeping          |       |       |     1 ||     1
Armor: Robe              |     6 |     2 |     8 ||    16
Dodge: Dodged            |     9 |     2 |     8 ||    19
       Rpst.: Long sword |       |       |     3 ||     3

Table legend: (Time is in decaauts)
 A = Elapsed time spent in this place.
 B = Non-inter-level travel time spent in this place.
 C = Inter-level travel time spent in this place.
 D = Time resting spent in this place.
 E = Time spent auto-exploring this place.
 F = Levels seen in this place.
 G = Mean time per level.
                   A        B        C        D        E       F      G
               +--------+--------+--------+--------+--------+-----+--------+
         Total |   1577 |   1558 |     19 |   1096 |    131 |   1 | 1577.0 |
       Dungeon |   1577 |   1558 |     19 |   1096 |    131 |   1 | 1577.0 |
               +--------+--------+--------+--------+--------+-----+--------+

Top non-repeatable levels by time:
       D: 1577 daAuts
